[Event "Titled Tuesday Blitz June 27 Early 2023"]
[White "Elsa167"]
[Black "Paravyan, David"]
[BlackFideId "4194985"]
[WhiteElo "2819"]
[BlackElo "2999"]
[Result "0-1"]
[Round "4"]
[TimeControl "180+2"]
[Date "2023.06.27"]
[WhiteClock "0:00:12"]
[BlackClock "0:00:22"]
[Board "10"]

1. d4 Nf6 2. c4 g6 3. Nc3 d5 4. Nf3 Bg7 5. e3 O-O 6. cxd5 Nxd5 7. Bc4 Nxc3 8. bxc3 c5 9. O-O Qc7 10. Bb3 b6 11. e4 Nc6 12. h3 Ba6 13. Re1 Na5 14. Be3 e6 15. Qd2 Qb7 16. Bh6 cxd4 17. cxd4 Rac8 18. Bxg7 Kxg7 19. d5 Bc4 20. Qd4+ Kg8 21. dxe6 Bxb3 22. axb3 Nxb3 23. exf7+ Qxf7 24. Qb2 Nxa1 25. Rxa1 Rc7 26. Ne5 Qe6 27. Rd1 a5 28. Rd5 a4 29. Qd4 Qf6 30. Qd2 a3 31. Nd7 Qxf2+ 32. Qxf2 Rc1+ 33. Kh2 Rxf2 34. Ne5 a2 35. Rd8+ Rf8 36. Rd7 a1=Q 37. Ng4 Rh1+ 38. Kg3 Qe1+ 0-1


[Site "https://www.chess.com"]

[Event "Titled Tuesday Blitz June 27 Early 2023"]
[White "Narayanan.S.L"]
[Black "Bazeev, German"]
[WhiteFideId "5058422"]
[BlackFideId "24119350"]
[WhiteElo "2995"]
[BlackElo "2819"]
[Result "1-0"]
[Round "4"]
[TimeControl "180+2"]
[Date "2023.06.27"]
[WhiteClock "0:02:09"]
[BlackClock "0:01:13"]
[Board "11"]

1. Nf3 Nf6 2. g3 d5 3. Bg2 c6 4. O-O Bg4 5. h3 Bxf3 6. Bxf3 h5 7. d3 h4 8. g4 Nbd7 9. Nd2 e6 10. e3 Bd6 11. Bg2 a5 12. a4 Qe7 13. f4 e5 14. Nf3 e4 15. Nd4 g6 16. c4 dxc4 17. g5 Nh5 18. dxe4 O-O-O 19. Bd2 Ng3 20. Bxa5 Nxe4 21. Bxd8 Rxd8 22. a5 Ndc5 23. a6 1-0


[Site "https://www.chess.com"]

[Event "Titled Tuesday Blitz June 27 Early 2023"]
[White "Srihari L R"]
[Black "Hakobyan, Aram"]
[WhiteFideId "46617116"]
[BlackFideId "13306677"]
[WhiteElo "2812"]
[BlackElo "2993"]
[Result "0-1"]
[Round "4"]
[TimeControl "180+2"]
[Date "2023.06.27"]
[WhiteClock "0:00:08"]
[BlackClock "0:00:15"]
[Board "12"]

1. d4 Nf6 2. Bg5 d5 3. Nd2 Bf5 4. e3 e6 5. Bd3 Bg6 6. Ngf3 Be7 7. O-O Nbd7 8. Qe2 O-O 9. Bxf6 Nxf6 10. Bxg6 hxg6 11. e4 c5 12. e5 Nd7 13. c3 Qb6 14. Rab1 Qa6 15. Qxa6 bxa6 16. a3 a5 17. g3 Rab8 18. Rfc1 c4 19. Rc2 a4 20. Re1 Rb7 21. Re2 Rfb8 22. Nf1 Rb3 23. h4 Nb6 24. Kg2 Kf8 25. N1d2 Rb5 26. Nf1 Na8 27. Ne3 Ke8 28. Ng5 Nc7 29. f4 f6 30. Nh3 Kf7 31. Ng4 Rb3 32. Ng1 Nb5 33. exf6 gxf6 34. Nh6+ Kg7 35. Rxe6 Bxa3 36. bxa3 Kxh6 37. Re7 Nxc3 38. Nf3 Ne4 39. Re2 Rb2 40. Rxb2 Rxb2+ 41. Kh3 c3 42. Ng5 fxg5 43. hxg5+ Nxg5+ 44. fxg5+ Kxg5 45. Re5+ Kf6 46. Rxd5 Rb3 47. Ra5 Rxa3 48. Rxa7 Ke6 49. Ra5 c2 50. Rc5 Ra2 51. Kg4 a3 52. Kf4 Rb2 53. Ke3 a2 0-1


[Site "https://www.chess.com"]

[Event "Titled Tuesday Blitz June 27 Early 2023"]
[White "Kislinsky, Alexey"]
[Black "Andreikin, Dmitry"]
[WhiteFideId "14108801"]
[BlackFideId "4158814"]
[WhiteElo "2766"]
[BlackElo "2992"]
[Result "0-1"]
[Round "4"]
[TimeControl "180+2"]
[Date "2023.06.27"]
[WhiteClock "0:00:00"]
[BlackClock "0:00:10"]
[Board "13"]

1. e4 c5 2. c3 d5 3. exd5 Qxd5 4. d4 Nf6 5. Nf3 g6 6. Qb3 cxd4 7. Nxd4 Bg7 8. Bc4 Qxg2 9. Bxf7+ Kf8 10. Rf1 Nc6 11. Ne6+ Bxe6 12. Bxe6 Qe4+ 13. Be3 Na5 14. Qb5 Qxe6 15. Qxa5 Ng4 16. Nd2 Nxh2 17. Rh1 Ng4 18. O-O-O Kg8 19. Rde1 Ne5 20. Kb1 Nd3 21. Rd1 Qc6 22. Nb3 b6 23. Qg5 h6 24. Qxe7 Re8 25. Qxa7 Nxb2 26. Rd7 Bxc3 27. Rh4 Ra8 28. Qxb6 Qxb6 29. Bxb6 Rh7 30. Rxh7 Kxh7 31. Be3 h5 32. Re4 Nd1 33. Re7+ Kg8 34. Bg5 Bg7 35. f4 Nc3+ 36. Kc2 Nd5 37. Rd7 Nb4+ 38. Kd1 Rxa2 39. Nc5 Nc6 40. Ne6 Bc3 41. Rc7 Nd4 42. Nxd4 Bxd4 43. Rc8+ Kf7 44. Rc7+ Ke6 45. Rc6+ Kf5 46. Rd6 Ba1 47. Kc1 Bc3 48. Rc6 Bd4 49. Rd6 Ke4 50. Rxg6 Kd3 0-1


[Site "https://www.chess.com"]

[Event "Titled Tuesday Blitz June 27 Early 2023"]
[White "Van Foreest, Jorden"]
[Black "Mahdavi, Reza"]
[WhiteFideId "1039784"]
[BlackFideId "12595926"]
[WhiteElo "2979"]
[BlackElo "2754"]
[Result "1-0"]
[Round "4"]
[TimeControl "180+2"]
[Date "2023.06.27"]
[WhiteClock "0:00:26"]
[BlackClock "0:00:14"]
[Board "14"]

1. d4 Nf6 2. Nf3 e6 3. Bf4 d5 4. e3 Bd6 5. Bd3 O-O 6. Nbd2 Bxf4 7. exf4 Qd6 8. Ne5 c5 9. dxc5 Qxc5 10. c3 Nc6 11. Qe2 Bd7 12. O-O Rfd8 13. a4 a5 14. Rfe1 Be8 15. Ndf3 Rac8 16. h4 Nd7 17. h5 h6 18. Rad1 Nf6 19. g4 Nxe5 20. Nxe5 d4 21. g5 Nd5 22. gxh6 gxh6 23. Qg4+ Kf8 24. f5 Rd6 25. fxe6 Rc7 26. exf7 Bxf7 27. cxd4 Qb6 28. Bb5 Nf6 29. Qf5 Bxh5 30. Rd3 Rg7+ 31. Kh2 Rg5 32. Qf4 Bf7 33. Rg1 Rh5+ 34. Kg2 Rd8 35. Kf1 Qc7 36. Ng6+ 1-0


[Site "https://www.chess.com"]

[Event "Titled Tuesday Blitz June 27 Early 2023"]
[White "Morefield, Jason"]
[Black "Nguyen, Ngoc Truong Son"]
[WhiteFideId "30920825"]
[BlackFideId "12401110"]
[WhiteElo "2750"]
[BlackElo "2967"]
[Result "0-1"]
[Round "4"]
[TimeControl "180+2"]
[Date "2023.06.27"]
[WhiteClock "0:00:02"]
[BlackClock "0:00:08"]
[Board "15"]

1. e4 e5 2. Nf3 Nc6 3. Bb5 Nf6 4. d3 Bc5 5. Bxc6 dxc6 6. O-O Qe7 7. Bg5 h6 8. Bh4 Bg4 9. Nbd2 g5 10. Bg3 Nd7 11. Nc4 f6 12. Ne3 Bxe3 13. fxe3 h5 14. h3 Be6 15. d4 h4 16. Bh2 O-O-O 17. Qe1 g4 18. hxg4 Bxg4 19. Nxh4 Qh7 20. Bg3 Qxe4 21. dxe5 fxe5 22. Qc3 Be6 23. Nf3 Rdg8 24. Nd2 Qg6 25. Rf3 Bg4 26. Rf2 Qh6 27. Rf7 Be6 28. Rf3 Qh1+ 29. Kf2 Qxa1 30. Qa5 Qxa2 31. Qxa2 Bxa2 32. b3 a5 33. Rf5 Rf8 34. e4 Rxf5+ 35. exf5 0-1


[Site "https://www.chess.com"]

[Event "Titled Tuesday Blitz June 27 Early 2023"]
[White "De Silva, L M S T"]
[Black "Movahed, Sina"]
[WhiteFideId "9953698"]
[BlackFideId "42520835"]
[WhiteElo "2718"]
[BlackElo "2947"]
[Result "1-0"]
[Round "4"]
[TimeControl "180+2"]
[Date "2023.06.27"]
[WhiteClock "0:00:06"]
[BlackClock "0:00:16"]
[Board "16"]

1. e4 c5 2. Nf3 d6 3. Bb5+ Bd7 4. Bxd7+ Qxd7 5. c4 Nf6 6. Nc3 Nc6 7. d4 cxd4 8. Nxd4 g6 9. f3 Bg7 10. Be3 O-O 11. O-O Rfc8 12. Nxc6 Rxc6 13. Qd3 Rac8 14. b3 a6 15. a4 Qe8 16. Nd5 Nd7 17. Rab1 Nc5 18. Qd2 e6 19. Nb4 R6c7 20. Qxd6 Bf8 21. Qd2 Rd7 22. Qe1 Nd3 23. Nxd3 Rxd3 24. Kh1 b5 25. axb5 axb5 26. Qe2 bxc4 27. bxc4 Ra3 28. Rfc1 h5 29. c5 h4 30. h3 Qa4 31. Bf2 Bh6 32. Rc2 Ra1 33. Qd1 Rxb1 34. Qxb1 Bf4 35. Bxh4 Rb8 36. Qd1 Rb3 37. Bf6 Kh7 38. g3 Bxg3 39. Rb2 Ra3 40. Qxa4 Rxa4 41. Rc2 Bc7 42. Be7 Rd4 43. c6 Kh6 44. Kg2 g5 45. e5 Kg6 46. Bd6 Ba5 47. c7 Bxc7 48. Rxc7 Rd2+ 49. Kg3 Rd1 50. Rc8 Rg1+ 51. Kf2 Ra1 52. Rc4 Kf5 53. h4 gxh4 54. Rxh4 f6 55. exf6 Kxf6 56. Rf4+ Kg6 57. Be5 Ra6 58. Rf6+ Kg5 59. Kg3 Rb6 60. Rf8 Kg6 61. Kg4 Kh7 62. Rf6 Kg8 63. f4 Ra6 64. Kg5 Rb6 65. Rh6 Kf7 66. Rh7+ Kg8 67. Rg7+ Kf8 68. Kf6 Rb4 69. Rc7 Rb6 70. Rc8# 1-0


[Site "https://www.chess.com"]

[Event "Titled Tuesday Blitz June 27 Early 2023"]
[White "Indjic, Aleksandar"]
[Black "Darini, Pouria"]
[WhiteFideId "911925"]
[BlackFideId "12502200"]
[WhiteElo "2945"]
[BlackElo "2716"]
[Result "1-0"]
[Round "4"]
[TimeControl "180+2"]
[Date "2023.06.27"]
[WhiteClock "0:01:32"]
[BlackClock "0:00:00"]
[Board "17"]

1. e4 c5 2. Nf3 Nc6 3. d4 cxd4 4. Nxd4 Nf6 5. Nc3 d6 6. Bg5 e6 7. Bb5 Bd7 8. Qd3 h6 9. Bh4 g5 10. Bg3 Nh5 11. Bxc6 bxc6 12. O-O-O Rg8 13. Rhe1 Nxg3 14. hxg3 Be7 15. e5 d5 16. Qh7 Rg6 17. f4 gxf4 18. gxf4 Bf8 19. Kb1 c5 20. Nf5 Qb6 21. Nd6+ Bxd6 22. f5 Rxg2 23. fxe6 Bxe6 24. Nxd5 Bxd5 25. exd6+ Kd7 26. Rxd5 Kc6 27. Qe4 Kd7 28. Qxg2 1-0


[Site "https://www.chess.com"]

[Event "Titled Tuesday Blitz June 27 Early 2023"]
[White "Antipov, Mikhail Al."]
[Black "Preotu, Razvan"]
[WhiteFideId "4107012"]
[BlackFideId "2613280"]
[WhiteElo "2923"]
[BlackElo "2712"]
[Result "0-1"]
[Round "4"]
[TimeControl "180+2"]
[Date "2023.06.27"]
[WhiteClock "0:00:01"]
[BlackClock "0:00:05"]
[Board "18"]

1. e4 c5 2. Nf3 d6 3. d4 cxd4 4. Nxd4 Nf6 5. Nc3 a6 6. Rg1 e5 7. Nb3 h5 8. Bg5 Be6 9. Qd2 Nbd7 10. O-O-O b5 11. f3 Be7 12. h4 Rc8 13. Kb1 Nb6 14. a3 O-O 15. Na5 Qc7 16. g4 hxg4 17. Be2 d5 18. Bxf6 Bxf6 19. exd5 Nxd5 20. Nxd5 Bxd5 21. fxg4 Rfd8 22. Ka1 Bf3 23. Qe3 Bxe2 24. Qxe2 Qxa5 25. g5 Be7 26. Qxe5 Qc7 27. Rxd8+ Qxd8 28. g6 Bf6 29. gxf7+ Kxf7 30. Qe3 Rxc2 31. Qb3+ Rc4 32. h5 Qd4 33. Rg2 Qd5 34. Re2 Rc1+ 35. Ka2 Ra1+ 36. Kxa1 Qxb3 0-1


[Site "https://www.chess.com"]

[Event "Titled Tuesday Blitz June 27 Early 2023"]
[White "Durarbayli, Vasif"]
[Black "Leon Oquendo, Jorge"]
[WhiteFideId "13402935"]
[BlackFideId "3514803"]
[WhiteElo "2918"]
[BlackElo "2678"]
[Result "1-0"]
[Round "4"]
[TimeControl "180+2"]
[Date "2023.06.27"]
[WhiteClock "0:00:08"]
[BlackClock "0:00:00"]
[Board "19"]

1. e4 c6 2. d4 d5 3. exd5 cxd5 4. c4 e6 5. Nc3 Nf6 6. Nf3 Be7 7. cxd5 exd5 8. Bd3 O-O 9. h3 Nc6 10. O-O h6 11. Re1 Bd6 12. a3 a6 13. Bc2 Re8 14. Rxe8+ Qxe8 15. Qd3 Ne7 16. Be3 Bf5 17. Qd2 Bxc2 18. Qxc2 b5 19. Re1 Rc8 20. Qb3 Qc6 21. Ne5 Bxe5 22. dxe5 Nd7 23. Qb4 Nf5 24. Qg4 Qe6 25. Nxd5 Kf8 26. Qb4+ Kg8 27. Qe4 Re8 28. Bf4 Nc5 29. Nc7 Nxe4 30. Nxe6 fxe6 31. Rxe4 Rc8 32. g4 Ne7 33. Re2 Nd5 34. Bg3 Rc1+ 35. Kg2 Kf8 36. f4 g6 37. Kf3 Ke7 38. Ke4 Rg1 39. Bh2 Rh1 40. f5 gxf5+ 41. gxf5 Rf1 42. f6+ Kf7 43. Rg2 Re1+ 44. Kd4 Rd1+ 45. Kc5 Ne3 46. Rg7+ Kf8 47. Bf4 Nf5 48. Rh7 Rd5+ 49. Kc6 Rd4 50. Bxh6+ Nxh6 51. Rxh6 Rd5 52. Rh8+ Kf7 53. Rh7+ Kf8 54. Ra7 Rxe5 55. Rxa6 Re2 56. b4 Re5 57. Kd6 Re3 58. Ra7 Rxh3 59. Kxe6 Re3+ 60. Kd5 Rf3 61. Kc6 Rf5 62. Kb6 Rxf6+ 63. Kxb5 Rf3 64. a4 Ke8 65. a5 Kd8 66. a6 Kc8 67. Rb7 Rf5+ 68. Kb6 Rf6+ 69. Ka7 Rd6 70. b5 Re6 71. b6 Rh6 72. Rc7+ Kd8 73. Kb7 Rh1 74. a7 Ra1 75. a8=Q+ 1-0


[Site "https://www.chess.com"]

[Event "Titled Tuesday Blitz June 27 Early 2023"]
[White "Sadykov, Ramil"]
[Black "Tari, Aryan"]
[WhiteFideId "24113590"]
[BlackFideId "1510045"]
[WhiteElo "2655"]
[BlackElo "2917"]
[Result "0-1"]
[Round "4"]
[TimeControl "180+2"]
[Date "2023.06.27"]
[WhiteClock "0:00:01"]
[BlackClock "0:01:25"]
[Board "20"]

1. e4 e5 2. Nf3 Nc6 3. Bb5 Nge7 4. O-O Ng6 5. h3 Be7 6. d4 Nxd4 7. Nxd4 exd4 8. Qxd4 O-O 9. Nc3 c6 10. Bc4 b5 11. Be2 Bf6 12. Qd3 d6 13. Rd1 Be5 14. Bf1 f5 15. Be3 fxe4 16. Nxe4 Bf5 17. g4 Be6 18. Nxd6 Qh4 19. Nf5 Bxf5 20. gxf5 Nf4 21. Bxf4 Qxf4 22. Bg2 Rxf5 23. Rd2 Raf8 24. Re1 Rg5 25. Kf1 Kh8 26. Re4 Qh2 27. Rg4 Rxg4 28. hxg4 Qf4 29. Re2 Bd4 30. Qe4 Qc1+ 31. Re1 Rxf2+ 32. Kg1 0-1


[Site "https://www.chess.com"]

[Event "Titled Tuesday Blitz June 27 Early 2023"]
[White "Demchenko, Anton"]
[Black "Zochowski, Kacper"]
[WhiteFideId "4160258"]
[BlackFideId "1125494"]
[WhiteElo "2912"]
[BlackElo "2655"]
[Result "1-0"]
[Round "4"]
[TimeControl "180+2"]
[Date "2023.06.27"]
[WhiteClock "0:00:09"]
[BlackClock "0:00:05"]
[Board "21"]

1. e4 d6 2. d4 Nf6 3. Nc3 e5 4. dxe5 dxe5 5. Qxd8+ Kxd8 6. Nf3 Bd6 7. Bc4 Be6 8. Bxe6 fxe6 9. Nd2 Ke7 10. Nd1 Nc6 11. f3 Nb4 12. Ne3 Bc5 13. a3 Nc6 14. Nb3 Bd6 15. c3 a5 16. a4 Nd7 17. Nc4 Nc5 18. Nxc5 Bxc5 19. Ke2 h6 20. h4 Bd6 21. Be3 Rhb8 22. g4 b5 23. axb5 Rxb5 24. Ra4 Bc5 25. Bd2 Bd6 26. Rha1 Rab8 27. Bc1 Ra8 28. b4 Kd7 29. h5 Kc8 30. Be3 Kb7 31. Na3 Rb6 32. Bxb6 cxb6 33. bxa5 Nxa5 34. Nc4 Bc7 35. Nd2 Rd8 36. Rb1 Kc6 37. Rab4 Nb7 38. Rc4+ Nc5 39. Nb3 Bd6 40. Nxc5 Bxc5 41. Ra4 Rf8 42. Ra7 Rg8 43. Rd1 Kb5 44. Rdd7 Kc4 45. Rxg7 Re8 46. Kd2 Rd8+ 47. Rgd7 Rf8 48. Rf7 Rd8+ 49. Rad7 Ra8 50. g5 Ra2+ 51. Ke1 hxg5 52. h6 Rh2 53. h7 Rg2 54. Rd2 Rg1+ 55. Ke2 Rh1 56. Rd8 Rh2+ 57. Kf1 Kxc3 58. h8=Q Rxh8 59. Rxh8 Kd3 60. Kg2 Ke3 61. Rb8 Bd4 62. Rg7 Kf4 63. Rf8+ Ke3 64. Rxg5 b5 65. Rb8 Kf4 66. Rg4+ Ke3 67. Rg6 b4 68. Rxb4 Kf4 69. Rb3 Bc3 70. Rg4+ Ke3 71. Rxc3+ Kd4 72. Rc6 1-0


[Site "https://www.chess.com"]

[Event "Titled Tuesday Blitz June 27 Early 2023"]
[White "Makhnev, Denis"]
[Black "Girya, Olga"]
[WhiteFideId "13707647"]
[BlackFideId "4195752"]
[WhiteElo "2901"]
[BlackElo "2622"]
[Result "1-0"]
[Round "4"]
[TimeControl "180+2"]
[Date "2023.06.27"]
[WhiteClock "0:00:11"]
[BlackClock "0:00:00"]
[Board "22"]

1. d4 Nf6 2. c4 e6 3. Nf3 d5 4. g3 Be7 5. Bg2 O-O 6. O-O dxc4 7. Qc2 a6 8. a4 Bd7 9. Qxc4 Bc6 10. Bg5 Nbd7 11. Nc3 h6 12. Bxf6 Nxf6 13. Rfd1 Qd6 14. Rac1 Rfd8 15. e3 Bf8 16. Qb3 Qb4 17. Qxb4 Bxb4 18. Ne5 Bxg2 19. Kxg2 Rac8 20. Nd3 Be7 21. b4 Nd5 22. Na2 c6 23. Kf3 Nb6 24. Nc5 Rb8 25. Rd3 Nd5 26. Rb3 Nc7 27. Ke2 Nd5 28. h4 Nc7 29. Nc3 h5 30. N3e4 g6 31. Nd2 Kg7 32. Nc4 Kg8 33. Na5 b6 34. Nxc6 bxc5 35. Nxe7+ Kf8 36. Nc6 cxb4 37. Nxb8 1-0


[Site "https://www.chess.com"]

[Event "Titled Tuesday Blitz June 27 Early 2023"]
[White "Vlassov, Nikolai"]
[Black "Nogerbek, Kazybek"]
[WhiteFideId "4103360"]
[BlackFideId "13710427"]
[WhiteElo "2602"]
[BlackElo "2901"]
[Result "0-1"]
[Round "4"]
[TimeControl "180+2"]
[Date "2023.06.27"]
[WhiteClock "0:00:00"]
[BlackClock "0:00:02"]
[Board "23"]

1. e4 g6 2. Nc3 Nf6 3. e5 Nh5 4. d4 d6 5. f4 d5 6. Bd3 c6 7. f5 Ng7 8. e6 gxf5 9. exf7+ Kxf7 10. Nf3 e6 11. O-O Be7 12. Ne5+ Kg8 13. Bh6 Bg5 14. Bxg5 Qxg5 15. Rf3 Nd7 16. Qe2 Qf6 17. Re1 Nxe5 18. dxe5 Qe7 19. Qf2 Bd7 20. Ne2 Be8 21. Nf4 Bg6 22. c3 Kf7 23. b4 Rhc8 24. Rh3 Kg8 25. Qg3 Qf7 26. Rh6 c5 27. h4 Kf8 28. h5 Nxh5 29. Nxh5 cxb4 30. cxb4 Rc3 31. Re3 d4 32. Rf3 Bxh5 33. Rf6 Bxf3 34. Rxf7+ Kxf7 35. Qxf3 Rac8 36. Qxb7+ R8c7 37. Qa6 Rd7 38. Kf2 Rd5 39. Qxa7+ Kg6 40. Qa6 Rxe5 41. Bf1 Rc2+ 42. Kg1 Re1 43. Kh2 Rcc1 44. Bc4 Kf6 45. Bb3 Re3 0-1


[Site "https://www.chess.com"]

[Event "Titled Tuesday Blitz June 27 Early 2023"]
[White "Xu, Yi"]
[Black "Firouzja, Alireza"]
[WhiteFideId "8605564"]
[BlackFideId "12573981"]
[WhiteElo "2748"]
[BlackElo "3121"]
[Result "0-1"]
[Round "4"]
[TimeControl "180+2"]
[Date "2023.06.27"]
[WhiteClock "0:00:01"]
[BlackClock "0:02:12"]
[Board "24"]

1. e4 c6 2. d4 d5 3. e5 Bf5 4. h4 h5 5. Bd3 Bxd3 6. Qxd3 e6 7. Nf3 Ne7 8. Bg5 Qa5+ 9. Nbd2 Nf5 10. c3 Qa6 11. Qxa6 Nxa6 12. b4 Nc7 13. Nb3 Nb5 14. Kd2 Na3 15. Kd3 b6 16. Bc1 Nc4 17. Nfd2 Nxd2 18. Bxd2 Be7 19. Bg5 f6 20. exf6 gxf6 21. Bf4 Kf7 22. a4 Rac8 23. a5 c5 24. bxc5 bxc5 25. Nxc5 Bxc5 26. dxc5 Rxc5 27. Rhb1 e5 28. Rb7+ Kg6 29. Be3 Nxe3 30. fxe3 Rhc8 31. Ra3 a6 32. Rb6 R8c6 33. Rab3 Kf5 34. Rxc6 Rxc6 35. Rb6 Rc4 36. Rxa6 Rxh4 37. Ra8 Rg4 38. a6 Rxg2 39. a7 Ra2 40. e4+ dxe4+ 41. Ke3 h4 42. c4 h3 43. c5 h2 44. Rh8 Rxa7 45. Rh5+ Ke6 46. Rxh2 Ra3+ 47. Kxe4 f5# 0-1


[Site "https://www.chess.com"]

[Event "Titled Tuesday Blitz June 27 Early 2023"]
[White "Tabatabaei, M. Amin"]
[Black "Renjith, Sravan"]
[WhiteFideId "12521213"]
[BlackFideId "4306783"]
[WhiteElo "2992"]
[BlackElo "2738"]
[Result "1-0"]
[Round "4"]
[TimeControl "180+2"]
[Date "2023.06.27"]
[WhiteClock "0:01:41"]
[BlackClock "0:02:18"]
[Board "25"]

1. c4 e6 2. Nc3 d5 3. d4 c5 4. e3 Nc6 5. Nf3 Nf6 6. a3 a6 7. dxc5 Bxc5 8. b4 Ba7 9. Bb2 O-O 10. Rc1 dxc4 11. Bxc4 b5 12. Bd3 Bb7 13. O-O Qe7 14. Ne4 Nd5 15. Nc5 Bxc5 16. Rxc5 Rad8 17. Qc2 h6 18. Rxc6 Bxc6 19. Qxc6 Nxb4 20. Qc3 Qf6 21. Qxb4 1-0


[Site "https://www.chess.com"]

[Event "Titled Tuesday Blitz June 27 Early 2023"]
[White "Atakhan, Abtin"]
[Black "Jones, Gawain C B"]
[WhiteFideId "22502203"]
[BlackFideId "409561"]
[WhiteElo "2730"]
[BlackElo "2951"]
[Result "1-0"]
[Round "4"]
[TimeControl "180+2"]
[Date "2023.06.27"]
[WhiteClock "0:00:09"]
[BlackClock "0:00:00"]
[Board "26"]

1. Nf3 Nf6 2. g3 g6 3. Bg2 Bg7 4. c4 c5 5. Nc3 O-O 6. O-O d6 7. d4 Nc6 8. dxc5 dxc5 9. Bf4 Nh5 10. Be3 b6 11. Qc1 Qe8 12. Bh6 Be6 13. Bxg7 Nxg7 14. Qf4 f6 15. Nd5 Rd8 16. Rfd1 Qf7 17. Qc7 Rc8 18. Qb7 Nf5 19. Nc7 Na5 20. Qxa7 Bxc4 21. Qxb6 e5 22. Qxa5 Rxc7 23. e3 h5 24. Nd2 Be6 25. Ne4 Ra7 26. Qxc5 Rxa2 27. Rxa2 Bxa2 28. Qb6 Qb3 29. Qxb3+ Bxb3 30. Rd7 Rf7 31. Rd8+ Kg7 32. Nc5 Bc4 33. b3 Rc7 34. bxc4 Rxc5 35. Rd7+ Kf8 36. Bd5 Ne7 37. e4 f5 38. Rd6 Nxd5 39. cxd5 Kf7 40. exf5 gxf5 41. h4 e4 42. Kg2 Rc2 43. Kf1 Rd2 44. Rd8 Ke7 45. Rh8 Rxd5 46. Rxh5 Ke6 47. Rg5 Rd2 48. Rg8 Kf7 49. Rg5 Kf6 50. Rg8 Kf7 51. Ra8 Kg6 52. Ra6+ Kh5 53. Rf6 Kg4 54. Kg2 e3 55. Rg6+ Kh5 56. Rg5+ Kh6 57. Rxf5 Kg6 58. Rf4 Kh5 59. Rf5+ Kg6 60. Rf3 exf2 61. Rxf2 Rd3 62. Rf3 Rd1 63. g4 Kh6 64. Rf6+ Kg7 65. Ra6 Rd3 66. Re6 Rc3 67. g5 Ra3 68. Rd6 Kh7 69. Rf6 Kg7 70. Rf3 Ra1 71. Kg3 Rg1+ 72. Kf4 Rh1 73. Kg4 Rg1+ 74. Kh5 Rg2 75. Rc3 Kf7 76. Rc7+ Ke6 77. Kg6 Rh2 78. h5 Kd6 79. Ra7 1-0


[Site "https://www.chess.com"]

[Event "Titled Tuesday Blitz June 27 Early 2023"]
[White "Csonka, Balazs"]
[Black "Ter-Sahakyan, Samvel"]
[WhiteFideId "742910"]
[BlackFideId "13302531"]
[WhiteElo "2729"]
[BlackElo "2895"]
[Result "0-1"]
[Round "4"]
[TimeControl "180+2"]
[Date "2023.06.27"]
[WhiteClock "0:00:00"]
[BlackClock "0:00:02"]
[Board "27"]

1. e4 c5 2. Nf3 e6 3. d4 cxd4 4. Nxd4 Nf6 5. Nc3 Nc6 6. g3 Qc7 7. Ndb5 Qb8 8. Bf4 e5 9. Bg5 a6 10. Bxf6 gxf6 11. Na3 Bxa3 12. bxa3 Ne7 13. Qd2 Qc7 14. Rd1 b5 15. Bg2 Bb7 16. O-O O-O 17. Qxd7 Rac8 18. Qg4+ Ng6 19. Nd5 Bxd5 20. Rxd5 Qxc2 21. h4 Kh8 22. h5 Ne7 23. Rd7 Rc7 24. Rfd1 h6 25. Qh4 Ng8 26. Bh3 Rxd7 27. Rxd7 Qxa2 28. Bf5 Qxa3 29. Kg2 Qc1 30. Qg4 b4 31. Be6 Qg5 32. Qxg5 fxg5 33. Bxf7 Nf6 34. Ra7 Nxe4 35. Bg6 Rxf2+ 36. Kg1 Re2 37. Rxa6 Nxg3 38. Rb6 Rb2 39. Bd3 Kg7 40. Rg6+ Kf7 41. Rxh6 e4 42. Bc4+ Kg7 43. Rg6+ Kh7 44. Rxg5 Ne2+ 45. Kf1 Nf4 46. Rf5 Nd3 47. Rf7+ Kh6 48. Re7 Rf2+ 49. Kg1 Rf4 50. Rd7 Ne5 51. Bd5 Nxd7 0-1


[Site "https://www.chess.com"]

[Event "Titled Tuesday Blitz June 27 Early 2023"]
[White "Postny, Evgeny"]
[Black "Zhigalko, Sergei"]
[WhiteFideId "2804344"]
[BlackFideId "13502956"]
[WhiteElo "2722"]
[BlackElo "2882"]
[Result "0-1"]
[Round "4"]
[TimeControl "180+2"]
[Date "2023.06.27"]
[WhiteClock "0:00:03"]
[BlackClock "0:00:01"]
[Board "28"]

1. e4 c5 2. d4 cxd4 3. Nf3 Nc6 4. Nxd4 Nf6 5. Nc3 e5 6. Ndb5 d6 7. Nd5 Nxd5 8. exd5 Nb8 9. c4 Be7 10. Be2 O-O 11. O-O a6 12. Nc3 f5 13. f4 Nd7 14. Kh1 Bf6 15. Qc2 g6 16. a3 Re8 17. Rb1 b6 18. Bf3 exf4 19. Bxf4 Ne5 20. b3 Bd7 21. Qd2 Rc8 22. Rbc1 b5 23. cxb5 axb5 24. Na2 g5 25. Rxc8 Bxc8 26. Be3 f4 27. Bg1 Nxf3 28. Rxf3 Bg4 29. Rf2 Qe7 30. h3 Bf5 31. Nb4 Qe1 32. Nc6 Qa1 33. Re2 Re4 34. Rxe4 Bxe4 35. Qe2 Qb1 36. Qg4 Bf5 37. Qe2 Be4 38. Qg4 Bf5 39. Qe2 Kg7 40. Ne7 Be4 41. Nc8 Bxd5 42. Nxd6 Qxb3 43. Ne8+ Kg6 44. Nxf6 Kxf6 45. Bd4+ Kf7 46. Kh2 Qg3+ 47. Kg1 h6 48. Qe5 Qxg2# 0-1


[Site "https://www.chess.com"]

[Event "Titled Tuesday Blitz June 27 Early 2023"]
[White "Gedajlovic, Max"]
[Black "Rakhmanov, Aleksandr"]
[WhiteFideId "2616840"]
[BlackFideId "4173708"]
[WhiteElo "2709"]
[BlackElo "2863"]
[Result "0-1"]
[Round "4"]
[TimeControl "180+2"]
[Date "2023.06.27"]
[WhiteClock "0:00:00"]
[BlackClock "0:00:15"]
[Board "29"]

1. d4 Nf6 2. c4 d6 3. Nc3 e5 4. Nf3 e4 5. Nd2 Bf5 6. e3 c6 7. b4 d5 8. Qb3 h5 9. b5 Be7 10. a4 O-O 11. Ba3 Bxa3 12. Qxa3 Nbd7 13. Be2 h4 14. h3 c5 15. dxc5 Rc8 16. Nb3 Qe7 17. Nxd5 Nxd5 18. cxd5 Nxc5 19. O-O Rfd8 20. Rfd1 b6 21. Rac1 Rd6 22. Nxc5 bxc5 23. Rxc5 Rxc5 24. Qxc5 Bxh3 25. Bf1 Bg4 26. Rd4 f5 27. a5 h3 28. b6 axb6 29. axb6 hxg2 30. Bxg2 Bf3 31. Qc8+ Kh7 32. Bxf3 Qg5+ 33. Kf1 exf3 34. b7 Ra6 35. Rh4+ Qxh4 36. Qxf5+ Kh6 37. Qxf3 Ra1+ 38. Kg2 Qh1+ 39. Kg3 Rg1+ 40. Kf4 g5+ 41. Ke4 Rg4+ 42. Ke5 Qxf3 43. b8=Q Re4+ 44. Kd6 Qf6+ 45. Kc5 Qc3+ 46. Kd6 Qe5+ 47. Kc5 Qxb8 0-1


[Site "https://www.chess.com"]

[Event "Titled Tuesday Blitz June 27 Early 2023"]
[White "Fernandez Guillen, Ernesto J."]
[Black "Beerdsen, Thomas"]
[WhiteFideId "3512428"]
[BlackFideId "1030108"]
[WhiteElo "2702"]
[BlackElo "2825"]
[Result "1/2-1/2"]
[Round "4"]
[TimeControl "180+2"]
[Date "2023.06.27"]
[WhiteClock "0:00:08"]
[BlackClock "0:00:16"]
[Board "30"]

1. e4 e5 2. Nf3 Nc6 3. d4 f5 4. Bc4 exd4 5. exf5 Nf6 6. O-O d5 7. Bd3 Be7 8. Nbd2 O-O 9. Nb3 Ne4 10. Nbxd4 Bc5 11. Be3 Qf6 12. c3 Bd7 13. Nxc6 Bxe3 14. fxe3 Bxc6 15. Bxe4 dxe4 16. Nd4 Bd5 17. b4 Rad8 18. Qe2 b6 19. c4 Bf7 20. c5 Rd5 21. Rac1 bxc5 22. bxc5 Rb8 23. Kh1 h6 24. h3 a5 25. Rf4 Re8 26. Qg4 Kh7 27. Rxe4 Rde5 28. Rxe5 Rxe5 29. Qf4 Bxa2 30. Ra1 Bd5 31. Rxa5 Re4 32. Qg3 Qe7 33. Ra7 Rxe3 34. Qg6+ Kh8 35. Ne6 Rxh3+ 36. Kg1 Bxe6 37. Ra8+ Bg8 38. gxh3 Qxc5+ 39. Kh2 Qf2+ 40. Qg2 Qf4+ 41. Qg3 Qxf5 42. Qb3 Qf2+ 43. Kh1 Qe1+ 44. Kh2 Qe5+ 45. Kg1 Qd4+ 46. Kh2 Qf2+ 47. Kh1 Qe1+ 48. Kh2 Qd2+ 49. Kg1 Qc1+ 50. Kh2 Qd2+ 51. Kg1 Qd4+ 52. Kh2 Qe5+ 53. Kg1 Qe1+ 54. Kh2 1/2-1/2


[Site "https://www.chess.com"]